 Dungeon Crawl Stone Soup version 0.24-a0-536-gdd4cf15 (webtiles) character file.

Game seed: 4752789009625230097

56 Bapo the Digger (level 3, -1/19 HPs)
             Began as a Gargoyle Earth Elementalist on Aug 11, 2019.
             Was an Initiate of Okawaru.
             Slain by a kobold
             ... wielding a +0 short sword
              (4 damage)
             ... on level 2 of the Dungeon on Aug 12, 2019.
             The game lasted 00:07:15 (1457 turns).

Bapo the Digger (Gargoyle Earth Elementalist)       Turns: 1457, Time: 00:07:15

Health: -1/19      AC:  6    Str: 11    XL:     3   Next: 97%
Magic:  6/6        EV: 12    Int: 16    God:    Okawaru [......]
Gold:   35         SH:  0    Dex: 10    Spells: 3/6 levels left

rFire    . . .     SeeInvis .   b - +0 club
rCold    . . .     Gourm    .   (no shield)
rNeg     + . .     Faith    .   c - +0 robe
rPois    ∞         Spirit   .   a - +0 helmet
rElec    +         Reflect  .   (no cloak)
rCorr    .         Harm     .   (no gloves)
MR       .....                  (no boots)
Stlth    ++........             (no amulet)
HPRegen  0.06/turn              (no ring)
MPRegen  0.10/turn              (no ring)

@: no status effects
A: negative energy resistance 1, electricity resistance, unbreathing,
petrification resistance, rot immunity, AC +3
a: Renounce Religion


You were on level 2 of the Dungeon.
You worshipped Okawaru.
Okawaru was noncommittal.
You were hungry.

You visited 1 branch of the dungeon, and saw 2 of its levels.

You collected 35 gold pieces.

Inventory:

Hand Weapons
 b - a +0 club (weapon)
Missiles
 e - a stone (quivered)
Armour
 a - a +0 helmet (worn)
 c - a +0 robe (worn)
Potions
 f - a potion of lignification {unknown}
Comestibles
 d - 3 rations


   Skills:
 + Level 1.9 Dodging
 - Level 2.2 Stealth
 - Level 2.1 Spellcasting
 * Level 1.0 Transmutations
 + Level 5.2 Earth Magic


You had 3 spell levels left.
You knew the following spells:

 Your Spells              Type           Power        Failure   Level  Hunger
a - Sandblast             Erth           ###...       2%          1    #......
b - Passwall              Tmut/Erth      ##......     9%          2    ###....

Your spell library contained the following spells:

 Spells                   Type           Power        Failure   Level  Hunger
 Stone Arrow              Conj/Erth      ##....       22%         3    ###....
 Petrify                  Tmut/Erth      ##......     50%         4    #####..
 Lee's Rapid Deconstruct  Erth           ###.......   54%         5    ######.


Dungeon Overview and Level Annotations

Branches:
Dungeon (2/15)

Altars:
Okawaru


Innate Abilities, Weirdness & Mutations

You are resistant to torment.
Your stone body is resilient. (AC +3)
You are immune to poison.
You resist negative energy. (rN+)
You are resistant to electric shocks. (rElec)
You can survive without breathing.
You are immune to petrification.
You are immune to rotting.


Message History

You hit the kobold but do no damage. The kobold closely misses you.
The kobold hits you but does no damage.
You hit the kobold but do no damage. The kobold closely misses you.
You completely miss the kobold. The kobold barely misses you.
You hit the kobold but do no damage. The kobold closely misses you.
You barely miss the kobold. The kobold barely misses you.
The kobold hits you but does no damage.
You hit the kobold but do no damage.
The kobold hits you with a +0 short sword.
* * * LOW HITPOINT WARNING * * *
You barely miss the kobold. The kobold misses you.
You hit the kobold but do no damage. The kobold hits you but does no damage.
The kobold closely misses you.
You hit the kobold but do no damage. The kobold barely misses you.
You closely miss the kobold. The kobold hits you but does no damage.
You closely miss the kobold. The kobold closely misses you. x2
You barely miss the kobold. The kobold hits you but does no damage.
You hit the kobold but do no damage.
The kobold hits you with a +0 short sword.
You die...

#.....(..#
##....(#...#
####...(# #.#
....###(# #
###.##.(# #
#.)....## #.
#.##......####. #..
#..............#
..#
####(..@K.####.# ##
#.#####.((...#
#.###.....÷((##.#
#.#..#....#....##.#
#.#.......#(......#
#.#..........(.####
#.#.......######
#.#.......#
#.#.......#


You could see a kobold.

Vanquished Creatures
  An adder (D:2)
  An ooze (D:2)
  A dart slug (D:2)
  2 leopard geckos
  3 bats
  2 giant cockroaches (D:2)
  6 goblins
  6 hobgoblins
  2 jackals (D:2)
  A frilled lizard (D:1)
  6 kobolds
  5 rats
36 creatures vanquished.

Notes
Turn   | Place    | Note
-------+----------+-------------------------------------------
     0 | D:1      | Bapo the Gargoyle Earth Elementalist began the quest for
                  | the Orb.
     0 | D:1      | Reached XP level 1. HP: 10/10 MP: 3/3
   146 | D:1      | Reached skill level 4 in Earth Magic
   146 | D:1      | Reached XP level 2. HP: 15/15 MP: 3/5
   686 | D:1      | Reached XP level 3. HP: 19/19 MP: 0/6
   829 | D:1      | Learned a level 2 spell: Passwall
   986 | D:2      | Found an iron altar of Okawaru.
  1008 | D:2      | Became a worshipper of Warmaster Okawaru
  1097 | D:2      | Reached skill level 5 in Earth Magic
  1327 | D:2      | Reached skill level 1 in Transmutations
  1457 | D:2      | Slain by a kobold

Levels and vault maps discovered:
D:1:      nzn_arrival_water_spiral, layout_basic, minmay_3d_cube
D:2:      layout_loops_ring, first_ration, kennysheep_okawaru_gauntlet

Skill      XL: |  1  2  3 |
---------------+----------+-----
Earth Magic    | 4 5 |  5.2
Transmutations | 1 |  1.0
Dodging        | |  1.9
Stealth        | |  2.2
Spellcasting   | |  2.1

Action                   || total
-------------------------++-------
Melee: Unarmed           ||    37
       Club              ||    91
 Cast: Sandblast         ||    47
  Use: Scroll            ||     2
 Stab: Sleeping          ||     1
  Eat: Chunk             ||     2
Armor: Robe              ||    85
Dodge: Dodged            ||   125

Table legend:
 A = Non-vault XP
 B = Vault XP
 C = Vault XP percentage of total XP
 D = Non-vault monster count
 E = Vault monster count
 F = Vault count percentage of total count
                 A         B        C        D         E       F
            +---------+---------+-------+---------+---------+-------
      Total |      71 |      10 |  12.3 |      30 |       6 |  16.7
            +---------+---------+-------+---------+---------+-------
        D:1 |      29 |       6 |  17.1 |      17 |       4 |  19.0
        D:2 |      42 |       4 |   8.7 |      13 |       2 |  13.3
            +---------+---------+-------+---------+---------+-------
